 Dungeon Crawl Stone Soup version 0.17.0 (webtiles) character file.

129 HungrySpirit the Cudgeler (level 5, -7/32 HPs)
             Began as a Gargoyle Wanderer on Nov 6, 2015.
             Mangled by an ice beast (12 damage)
             ... on level 3 of the Dungeon.
             The game lasted 00:03:40 (1951 turns).

HungrySpirit the Cudgeler (Gargoyle Wanderer)       Turns: 1951, Time: 00:03:41

Health: -7/32      AC: 12    Str: 15    XL:     5   Next: 12%
Magic:  5/5        EV:  9    Int: 15    God:
Gold:   108        SH:  0    Dex:  8    Spells: 0 memorised, 4 levels left

rFire  . . .     SeeInvis .     b - +0 mace
rCold  . . .     Clarity  .     a - +2 scale mail
rNeg   + . .     SustAt   .     (no shield)
rPois  ∞         Gourm    .     (no helmet)
rElec  +         Spirit   .     (no cloak)
rCorr  .         Warding  .     (no gloves)
rMut   .         Stasis   .     (no boots)
MR     .....                    (no amulet)
Stlth  ..........               (no ring)
                                (no ring)

@: not resistant to hostile enchantments, extremely unstealthy
A: negative energy resistance 1, electricity resistance, unbreathing,
petrification resistance, rot immunity, AC +4
a: no special abilities


You were on level 3 of the Dungeon.
You were hungry.

You visited 1 branch of the dungeon, and saw 3 of its levels.

You collected 108 gold pieces.

Inventory:

Hand Weapons
 b - a +0 mace (weapon)
Missiles
 l - a throwing net (quivered)
Armour
 a - a +2 scale mail (worn)
 e - a cursed +0 shield
 n - a cursed +0 scale mail
Scrolls
 f - a scroll of identify
 g - a scroll of recharging {unknown}
 k - a scroll of teleportation {unknown}
 m - a scroll of fear {unknown}
Potions
 c - 3 potions of curing
 h - 2 potions of heal wounds {unknown}
 r - a potion of brilliance {unknown}
Comestibles
 d - 2 bread rations
 i - 2 slices of pizza
 j - a royal jelly
 o - a meat ration
 p - 2 beef jerkies


   Skills:
 - Level 3.2 Fighting
 + Level 5.1 Maces & Flails
 - Level 3.2 Armour
 - Level 2.1 Shields


You had 4 spell levels left.
You didn't know any spells.

Dungeon Overview and Level Annotations

Branches:
Dungeon (3/15)

Altars:
Trog


Innate Abilities, Weirdness & Mutations

You are resistant to torment.
Your stone body is resilient (AC +4).
You are immune to poison.
You resist negative energy.
You are resistant to electric shocks.
You can survive without breathing.
You are immune to petrification.
You are immune to rotting.


Message History

You are feeling hungry.
You swing at nothing.
You hit the ice beast but do no damage. The ice beast hits you.
The ice beast freezes you!
The ice beast hits you but does no damage.
You barely miss the ice beast. The ice beast closely misses you.
You hit the ice beast but do no damage. The ice beast completely misses you.
You barely miss the ice beast. The ice beast misses you.
You closely miss the ice beast. The ice beast hits you.
The ice beast freezes you!
* * * LOW HITPOINT WARNING * * *
You hit the ice beast.
The ice beast is lightly wounded.
The ice beast hits you but does no damage.
You aren't carrying any items that can be evoked.
Unknown command.
The ice beast hits you.
* * * LOW HITPOINT WARNING * * *
The ice beast freezes you!
You die...

........##........#.#..##.#.#.#.#
........##......).#.........#.#..
........#<........####..#.###.###
.................................
#################.#####..########
#.######.####.... ###
#.†........##.### #
.....#########.......##.#.. .
.........Y@.##.......##.##. #
.$...######.##.......##.#.. # ...
#.##.......#..... # .
######.########.#..#.. #######
#......# #....### ##....#
###......# #..### # ......#
#........########...# #
##....####.#.....##..........## #
##..g.g..#.#..............._..# #


You could see an ice beast.

Vanquished Creatures
  Ijyb (D:3)
  5 gnolls
  An adder (D:2)
  2 giant geckos (D:1)
  An orc (D:3)
  A giant cockroach (D:3)
  5 hobgoblins
  5 kobolds
  6 bats
  3 giant newts
  11 goblins
  4 rats
45 creatures vanquished.

Notes
Turn   | Place    | Note
--------------------------------------------------------------
     0 | D:1      | HungrySpirit the Gargoyle Wanderer began the quest for the Orb.
     0 | D:1      | HungrySpirit set off with: a +2 scale mail, a +0 mace, a potion of curing, a bread ration
     0 | D:1      | Reached XP level 1. HP: 14/14 MP: 1/1
   222 | D:1      | Reached XP level 2. HP: 16/19 MP: 2/2
  1009 | D:2      | Reached XP level 3. HP: 20/23 MP: 3/3
  1241 | D:3      | Noticed Ijyb
  1268 | D:3      | Killed Ijyb
  1268 | D:3      | Reached skill level 4 in Maces & Flails
  1268 | D:3      | Reached XP level 4. HP: 25/28 MP: 4/4
  1764 | D:3      | Reached skill level 5 in Maces & Flails
  1782 | D:3      | Reached XP level 5. HP: 27/32 MP: 5/5
  1907 | D:3      | Found a bloodstained altar of Trog.
  1937 | D:3      | Noticed an ice beast
  1951 | D:3      | Mangled by an ice beast

Action                   |  1- 3 |  4- 6 || total
-------------------------+-------+-------++-------
Melee: Mace              |   101 |    62 ||   163
  Use: Scroll            |       |     3 ||     3
  Eat: Chunk             |     1 |     2 ||     3
